 Dungeon Crawl Stone Soup version 0.21.1-1-g345015f (webtiles) character file.

72 torrenera the Grave Robber (level 4, -3/36 HPs)
             Began as a Deep Dwarf Necromancer on Apr 24, 2018.
             Slain by a worm (10 damage)
             ... on level 2 of the Dungeon.
             The game lasted 00:08:32 (2399 turns).

torrenera the Grave Robber (Deep Dwarf Necromancer) Turns: 2399, Time: 00:08:33

Health: -3/36      AC:  2    Str: 12    XL:     4   Next: 6%
Magic:  4/6        EV: 12    Int: 16    God:
Gold:   73         SH:  0    Dex: 13    Spells: 1/6 levels left

rFire    . . .     SeeInvis .   a - +0 dagger
rCold    . . .     Gourm    .   (no shield)
rNeg     . . .     Faith    .   d - +0 robe
rPois    .         Spirit   .   (no helmet)
rElec    .         Reflect  .   (no cloak)
rCorr    .         Harm     .   (no gloves)
MR       .....                  (no boots)
Stlth    ++........             (no amulet)
HPRegen  0.00/turn              o - ring of flight
MPRegen  0.10/turn              (no ring)

@: starving, non-regenerating
A: damage resistance, heal wounds, sense surroundings 1, no regeneration
a: Heal Wounds, Evoke Flight


You were on level 2 of the Dungeon.
You were starving.

You visited 1 branch of the dungeon, and saw 3 of its levels.

You collected 73 gold pieces.

Inventory:

Hand Weapons
 a - a +0 dagger (weapon)
 b - a +0 hunting sling
 t - a +0 battleaxe
Missiles
 i - 29 stones (quivered)
 j - 11 poisoned needles
Armour
 d - a +0 robe (worn)
 s - a cursed +0 large shield
Jewellery
 o - a ring of flight (left hand)
Scrolls
 g - a scroll of fear
 l - a scroll of amnesia {unknown}
 r - 3 scrolls of identify {unknown}
Potions
 f - 2 potions of haste {unknown}
 k - a potion of heal wounds {unknown}
 m - 3 potions of curing {unknown}
 u - a potion of mutation {unknown}
Books
 e - a book of Necromancy

   Spells                             Type                      Level
   a - Pain                           Necromancy                   1
   b - Animate Skeleton               Necromancy                   1
   c - Vampiric Draining              Necromancy                   3
   d - Regeneration                   Charms/Necromancy            3
   e - Animate Dead                   Necromancy                   4
   f - Borgnjor's Vile Clutch         Necromancy/Earth             5
Comestibles
 c - 2 rations


   Skills:
 * Level 0.7 Axes
 - Level 2.1 Dodging
 - Level 2.4 Stealth
 - Level 1.7 Spellcasting
 + Level 6.1 Necromancy


You had one spell level left.
You knew the following spells:

 Your Spells              Type           Power        Failure   Level  Hunger
a - Pain                  Necr           ###.         1%          1    ##.....
b - Animate Skeleton      Necr           N/A          1%          1    ##.....
c - Vampiric Draining     Necr           ###.......   4%          3    ####...


Dungeon Overview and Level Annotations

Branches:
Dungeon (3/15)

Altars:
Ashenzari
The Shining One


Innate Abilities, Weirdness & Mutations

You are resistant to damage.
You can heal yourself by infusing magical energy.
You passively map a small area around you.
You do not regenerate.


Message History

Aiming: Vampiric Draining
Press: ? - help, Shift-Dir - straight line, f/p - worm
Aim: a worm The worm is heavily wounded.
You feel life coursing into your body.
You are starving!
You don't have the energy to cast that spell.
You don't have the energy to cast that spell.
Okay, then.
You don't have the energy to cast that spell.
You don't have the energy to cast that spell.
a - a +0 dagger (weapon)
You hit the worm but do no damage. The worm bites you!
You hit the worm but do no damage. You hit the worm but do no damage.
The worm barely misses you.
You hit the worm but do no damage. You hit the worm but do no damage.
The worm bites you.
* * * LOW HITPOINT WARNING * * *
You hit the worm but do no damage. The worm bites you!
You die...

#.##.###.#.####
##..#... #.##.# #.#.#
##..###.. #....# #w#.#
##..##.##. ######
#.#.# ##..##...##
#.#.# ###..##.....'
###...####...##.......
#...#.##...###...._...
#.#..w...#...##.......
#.###@.#####..##.....#
#.).#....# ##..##...##
###.#.##.#####..##.##.
###.#.#..........###..
#...#.#..#######..#..#
#.###.#..# ##.#.## #.#
#.#..# #...#
#.###.#..# ##.###
#...w.#### #....


You could see a worm.

Vanquished Creatures
  2 adders (D:3)
  An adder skeleton (D:2)
  2 leopard geckos (D:2)
  2 orcs (D:3)
  A ball python (D:2)
  3 giant cockroaches (D:2)
  5 goblins
  7 hobgoblins
  6 jackals
  7 bats
  3 frilled lizards
  5 kobolds
  4 rats
48 creatures vanquished.

Notes
Turn   | Place    | Note
-------+----------+-------------------------------------------
     0 | D:1      | torrenera the Deep Dwarf Necromancer began the quest for the Orb.
     0 | D:1      | Reached XP level 1. HP: 15/15 MP: 3/3
   144 | D:1      | Reached XP level 2. HP: 19/22 MP: 0/4
   297 | D:1      | Reached skill level 5 in Necromancy
   309 | D:1      | You fall through a shaft!
   457 | D:2      | Learned a level 1 spell: Animate Skeleton
   855 | D:2      | Found a glowing golden altar of the Shining One.
   882 | D:2      | Reached XP level 3. HP: 17/28 MP: 1/5
   944 | D:2      | Learned a level 3 spell: Vampiric Draining
  1368 | D:3      | Noticed a killer bee
  1417 | D:3      | Noticed a killer bee
  1417 | D:3      | Noticed a killer bee
  1417 | D:3      | Noticed a killer bee
  1417 | D:3      | Noticed a killer bee
  1755 | D:3      | Found a shattered altar of Ashenzari.
  1802 | D:3      | Reached skill level 6 in Necromancy
  1878 | D:3      | Reached XP level 4. HP: 15/36 MP: 1/6
  1987 | D:3      | HP: 1/36 [killer bee (4)]
  2399 | D:2      | Slain by a worm

Skill      XL: |  1  2  3 |
---------------+----------+-----
Necromancy     | 5 6 |  6.1
Axes           | |  0.7
Dodging        | |  2.1
Stealth        | |  2.4
Spellcasting   | |  1.7

Action                   |  1- 3 |  4- 6 || total
-------------------------+-------+-------++-------
Melee: Dagger            |    77 |     6 ||    83
 Fire: Hunting sling     |    16 |       ||    16
 Cast: Pain              |    48 |       ||    48
       Animate Skeleton  |     5 |       ||     5
       Vampiric Draining |     6 |    12 ||    18
  Use: Scroll            |     5 |     2 ||     7
 Stab: Sleeping          |     4 |       ||     4
       Distracted        |     1 |       ||     1
  Eat: Chunk             |     3 |     3 ||     6
Armor: Robe              |    29 |       ||    29
Dodge: Dodged            |    87 |     5 ||    92
